AoeStats
← [TUC] P E L U S A

Arena

509475491Analyzed
3v3 RM · 5d ago on Sep 26, 2026· 42m 58s· 6 players
Game mode
Random Map
Map size
Normal (6 player)
Population
200
Speed
Normal
Resources
Standard
Victory
Conquest
Starting age
Dark Age
Ending age
Imperial Age
RankedLock teamsTeams togetherTeam positionsShared explorationLock speedFull tech treeHidden civsTurbo modeCheats
Victory
Defeat
🇺🇸 Saxons · United States
1319
+8
🇩🇰 Khmer · Denmark
1251
+10
🇨🇳 Bulgarians · China
1217
+11
🇦🇷 Mongols · Argentina
1141
-10
🇦🇷 Burgundians · Argentina
1119
-10
🇦🇷 Malay · Argentina
1099
-9
all peacocks are the same
9:45 Feudal Age
14:27 Castle Age
13:07 Double-Bit Axe
13:04 Horse Collar
17:44 Sanctity
21:12 Scale Mail Armor
23:18 Chain Mail Armor
23:29 Bow Saw
29:59 Forging
29:40 Fletching
29:51 Clerical Recruitment
32:02 Heavy Plow
32:29 Loom
33:24 Wheelbarrow
36:38 Imperial Age
34:34 Gold Mining
35:32 Iron Casting
36:31 Ballistics
36:08 Bodkin Arrow
36:14 Padded Archer Armor
36:46 Redemption
37:50 Conscription
38:09 Gold Shaft Mining
38:50 Plate Mail Armor
38:50 Squires
38:36 Gambesons
39:39 Elite Hearth Troop
40:28 Shield Wall
41:54 Bracer
42:59 Hand Cart
42:30 Town Watch
42:51 Stone Mining
43:55 Crop Rotation
[TUC] P E L U S A
0:43 Loom
10:31 Feudal Age
15:20 Castle Age
14:06 Double-Bit Axe
14:04 Horse Collar
14:21 Stone Mining
16:00 Town Watch
16:31 Bow Saw
21:50 Wheelbarrow
22:27 Fletching
23:00 Heavy Plow
26:12 Husbandry
26:23 Bloodlines
26:54 Tusk Swords
27:47 Hand Cart
30:53 Imperial Age
30:01 Ballistics
32:03 Conscription
31:47 Double Crossbow
32:50 Chemistry
32:51 Elite Ballista Elephant
34:11 Scale Barding Armor
34:17 Forging
34:03 Bodkin Arrow
36:36 Gold Mining
36:41 Light Cavalry
37:34 Bracer
37:45 Forging
37:56 Chain Barding Armor
37:23 Hussar
40:43 Padded Archer Armor
41:19 Plate Barding Armor
592848337
12:42 Feudal Age
10:58 Loom
16:45 Castle Age
16:33 Horse Collar
23:29 Double-Bit Axe
31:27 Scale Barding Armor
31:34 Forging
31:40 Fletching
33:16 Chain Barding Armor
34:39 Gold Mining
34:40 Stone Mining
38:47 Wheelbarrow
39:23 Bow Saw
39:56 Town Watch
42:47 Imperial Age
43:31 Hand Cart
Rey_Caca
12:31 Feudal Age
14:24 Double-Bit Axe
16:10 Loom
19:53 Castle Age
21:44 Forging
23:00 Iron Casting
23:24 Arson
26:55 Husbandry
32:55 Fletching
34:14 Squires
34:46 Horse Collar
36:09 Town Watch
39:45 Ballistics
elandres550
9:34 Loom
11:20 Feudal Age
15:19 Castle Age
13:27 Double-Bit Axe
13:24 Horse Collar
16:57 Bow Saw
22:05 Wheelbarrow
23:15 Heavy Plow
28:55 Imperial Age
26:12 Town Watch
26:48 Fletching
26:58 Padded Archer Armor
27:31 Bodkin Arrow
27:38 Stone Mining
27:38 Gold Mining
28:26 Ballistics
28:19 Bloodlines
28:09 Husbandry
28:28 Thumb Ring
29:06 Leather Archer Armor
29:45 Hand Cart
30:46 Chemistry
29:49 Bracer
30:54 Elite Mangudai
33:02 Stone Shaft Mining
33:02 Gold Shaft Mining
35:40 Scale Barding Armor
35:47 Forging
rodrigo9999991
4:38 Double-Bit Axe
9:18 Horse Collar
10:14 Loom
13:01 Feudal Age
11:59 Gold Mining
18:26 Castle Age
16:57 Heavy Plow
17:09 Bow Saw
25:09 Wheelbarrow
25:45 Two-Man Saw
25:11 Husbandry
25:48 Crop Rotation
26:29 Gold Shaft Mining
27:12 Forging
28:01 Scale Barding Armor
29:29 Fletching
30:25 Bodkin Arrow
35:59 Chain Barding Armor
37:23 Cavalier
Connection lost

Rejoining the realm…

Still unreachable

The connection could not be restored.

Session expired

The server has moved on; the page needs a fresh start.